 Dungeon Crawl Stone Soup version 0.22-a0-458-gb446440 (webtiles) character file.

88 George the Slasher (level 4, -3/33 HPs)
             Began as a Demonspawn Gladiator on June 8, 2018.
             Killed by divine providence
             ... invoked by an orc priest
              (7 damage)
             ... on level 3 of the Dungeon.
             The game lasted 00:02:04 (1263 turns).

George the Slasher (Demonspawn Gladiator)           Turns: 1263, Time: 00:02:04

Health: -3/33      AC:  6    Str: 15    XL:     4   Next: 29%
Magic:  0/4        EV: 12    Int: 10    God:
Gold:   135        SH:  0    Dex: 14    Spells: 3/3 levels left

rFire    . . .     SeeInvis .   a - +0 long sword
rCold    . . .     Gourm    .   (no shield)
rNeg     . . .     Faith    .   b - +0 leather armour
rPois    .         Spirit   +   c - +0 helmet
rElec    .         Reflect  .   (no cloak)
rCorr    .         Harm     .   (no gloves)
MR       .....                  (no boots)
Stlth    +.........             (no amulet)
HPRegen  0.11/turn              (no ring)
MPRegen  0.09/turn              (no ring)

@: no status effects
A: talons 1, icy blue scales 1, magic shield
a: no special abilities


You were on level 3 of the Dungeon.
You were not hungry.

You visited 1 branch of the dungeon, and saw 3 of its levels.

You collected 135 gold pieces.

Inventory:

Hand Weapons
 a - a +0 long sword (weapon)
Missiles
 d - 3 throwing nets (quivered)
Armour
 b - a +0 leather armour (worn)
 c - a +0 helmet (worn)
Jewellery
 n - an uncursed ring of protection from magic {unknown}
Wands
 o - a wand of random effects (23)
Scrolls
 e - a scroll of amnesia {unknown}
 g - a scroll of immolation {unknown}
 h - 4 scrolls of remove curse {unknown}
 m - 3 scrolls of identify {unknown}
 p - a scroll of teleportation {unknown}
Potions
 i - 2 potions of mutation {unknown}
 j - 2 potions of haste {unknown}
 k - a potion of curing {unknown}
 l - a potion of might {unknown}
Comestibles
 f - 7 rations


   Skills:
 - Level 2.0 Fighting
 + Level 4.7 Long Blades
 - Level 1.7 Throwing
 - Level 2.6 Dodging


You had 3 spell levels left.
You didn't know any spells.
Your spell library was empty.

Dungeon Overview and Level Annotations

Branches:
Dungeon (3/15)

Altars:


Innate Abilities, Weirdness & Mutations

You have sharp toenails.
You are partially covered in icy blue scales. (AC +2)
When hurt, damage is shared between your health and your magic reserves.


Message History

The orc priest calls down the wrath of Beogh upon you.
Beogh smites you!
You are too injured to fight recklessly!
You are too injured to fight recklessly!
You are too injured to fight recklessly!
You are too injured to fight recklessly!
You are too injured to fight recklessly!
You are too injured to fight recklessly!
You are too injured to fight recklessly!
You are too injured to fight recklessly!
You are too injured to fight recklessly!
You are too injured to fight recklessly!
You are too injured to fight recklessly!
The orc priest invokes the aid of Beogh against you.
Beogh smites you!
* * * LOW HITPOINT WARNING * * *
The orc priest looks braver for a moment.
The orc priest calls down the wrath of Beogh upon you.
Beogh smites you!
You die...

#. #.###)###.### #.
#.#.)........ #.
#.#.#.###.###
###.###.#.#.###...#
+..................
###.#.#<#.#.......#
+.........(........
###.#.#.#..........
#.#@#.######.....
#.#.#.# .####
#.#o#.# .# #.#.#..
#.#o### ..#.# #o#
#.# #o#


You could see 2 orc priests and an orc.

Vanquished Creatures
  2 adders (D:2)
  An ooze (D:1)
  2 worms
  2 orcs (D:3)
  8 bats
  4 hobgoblins
  4 jackals (D:2)
  A quokka (D:3)
  A ball python (D:2)
  4 frilled lizards
  4 giant cockroaches
  11 goblins
  4 kobolds
  8 rats
56 creatures vanquished.

Notes
Turn   | Place    | Note
-------+----------+-------------------------------------------
     0 | D:1      | George the Demonspawn Gladiator began the quest for the Orb.
     0 | D:1      | Reached XP level 1. HP: 16/16 MP: 1/1
    51 | D:1      | Reached skill level 3 in Long Blades
   134 | D:1      | Gained mutation: You are partially covered in icy blue scales. (AC +2) [demonic ancestry]
   134 | D:1      | Reached XP level 2. HP: 17/22 MP: 2/2
   429 | D:2      | Gained mutation: You have sharp toenails. [demonic ancestry]
   429 | D:2      | Reached XP level 3. HP: 19/27 MP: 3/3
   503 | D:2      | Reached skill level 4 in Long Blades
   813 | D:2      | Gained mutation: When hurt, damage is shared between your health and your magic reserves. [demonic ancestry]
   813 | D:2      | Reached XP level 4. HP: 30/33 MP: 4/4
  1263 | D:3      | Killed from afar by an orc priest

Vault maps used:
D:1:      dpeg_arrival_windows_large_door
D:3:      grunt_dithmenos_smoke

Skill      XL: |  1  2  3 |
---------------+----------+-----
Long Blades    | 3 4 |  4.7
Fighting       | |  2.0
Throwing       | |  1.7
Dodging        | |  2.6

Action                   |  1- 3 |  4- 6 || total
-------------------------+-------+-------++-------
Melee: Long sword        |    89 |    29 ||   118
       Kick              |     8 |    10 ||    18
 Stab: Sleeping          |     1 |       ||     1
  Eat: Chunk             |       |     1 ||     1
Armor: Leather armour    |    52 |     5 ||    57
Dodge: Dodged            |    86 |    18 ||   104
       Rpst.: Long sword |    31 |     6 ||    37

Table legend:
 A = Spawn XP
 B = Non-spawn XP
 C = Spawn XP percentage of total XP
 D = Spawn monster count
 E = Non-spawn monster count
 F = Spawn count percentage of total count
 G = Total turns spent on level
                    A         B        C        D         E        F      G
               +---------+---------+-------+---------+---------+-------+---------
         Total |       0 |     126 |   0.0 |       0 |      56 |   0.0 |  1263
               +---------+---------+-------+---------+---------+-------+---------
           D:1 |       0 |      33 |   0.0 |       0 |      19 |   0.0 |   399
           D:2 |       0 |      77 |   0.0 |       0 |      31 |   0.0 |   786
           D:3 |       0 |      16 |   0.0 |       0 |       6 |   0.0 |    78
               +---------+---------+-------+---------+---------+-------+---------
